 Dungeon Crawl Stone Soup version 0.28.0-47-ge53b351184 (webtiles) character file.

Game seed: 16993208156899489222

191 seaoflcl the Skirmisher (level 6, -1/48 HPs)
             Began as a Human Fighter on May 2, 2022.
             Slain by Terence
             ... wielding a +0 hand axe of holy wrath
              (7 damage)
             ... on level 2 of the Dungeon.
             The game lasted 00:01:34 (1210 turns).

seaoflcl the Skirmisher (Human Fighter)             Turns: 1210, Time: 00:01:34

Health: -1/48      AC:  8    Str: 18    XL:     6   Next: 1%
Magic:  6/6        EV:  9    Int:  9    God:
Gold:   71         SH:  5    Dex: 12    Spells: 5/5 levels left

rFire   . . .      SeeInvis .   a - +0 long sword
rCold   . . .      Faith    .   c - +0 buckler
rNeg    . . .      Spirit   .   b - +0 scale mail
rPois   .          Reflect  .   (no helmet)
rElec   .          Harm     .   (no cloak)
rCorr   .          Rampage  .   g - +0 pair of gloves
Will    .....                   (no boots)
Stlth   ..........              (no amulet)
HPRegen 0.16/turn               (no ring)
MPRegen 0.10/turn               (no ring)

@: mighty
A: no striking features
a: no special abilities


You were on level 2 of the Dungeon.
You visited 1 branch of the dungeon, and saw 2 of its levels.

You collected 71 gold pieces.

Inventory:

Hand Weapons
 a - a +0 long sword (weapon)
 j - a +0 short sword
Armour
 b - a +0 scale mail (worn)
 c - a +0 buckler (worn)
 g - a +0 pair of gloves (worn)
Scrolls
 f - a scroll of enchant armour {unknown}
 h - a scroll of noise {unknown}
 k - a scroll of teleportation {unknown}
 m - a scroll of blinking {unknown}
Potions
 e - a potion of heal wounds {unknown}
 i - a potion of mutation {unknown}
 l - a potion of attraction {unknown}
 n - 2 potions of resistance {unknown}


   Skills:
 + Level 4.0 Fighting
 + Level 3.3 Long Blades
 + Level 4.0 Armour
 + Level 4.0 Shields


You had 5 spell levels left.
You didn't know any spells.
Your spell library was empty.

Dungeon Overview and Level Annotations

Branches:
Dungeon (2/15)

Altars:

Annotations:
D:2 Terence


Message History

Something hits you.
You miss something.
Terence says, "Don't bother to defend, it's pointless."
Terence throws a stone.
Something hits you.
You hit something. You miss something. Something hits you!
You hit something. Something hits you but does no damage.
Terence throws a stone.
The stone hits you but does no damage.
Terence throws a stone.
You closely miss something. Something hits you!
* * * LOW HITPOINT WARNING * * *
You slash something! Something hits you but does no damage.
Terence throws a stone.
The stone hits you.
* * * LOW HITPOINT WARNING * * *
You feel very mighty all of a sudden.
Terence throws a stone.
Something hits you but does no damage.
You closely miss something.
You hear some strange, mumbled words.
A puff of flame appears from out of thin air!
You block the puff of flame.
You slash something!
Terence throws a stone.
The stone barely misses you. Something hits you.
* * * LOW HITPOINT WARNING * * *
You slash something!
Reactivating autopickup.
You feel a bit more experienced.
Terence screams, "I'm going to kill you!"
Terence throws a stone.
The stone hits you but does no damage.
Your Fighting skill increases to level 4!
Your Long Blades skill increases to level 3!
Your Armour skill increases to level 4!
Your Shields skill increases to level 4!
You have reached level 5!
You have reached level 6!
Terence barely misses you.
Things that are here:
a +0 scythe; a +0 robe of fire resistance You barely miss Terence.
Terence hits you with a +0 hand axe of holy wrath!
You die...

...#....#...##
..####.......#
.......###### ..##
##.....##
##..##...### #.#
#.....# ..... ...$.
#. ##..###
.@.###..# .. ##...#
...##.### ###..#.#
#.#....# ##...####
##......######..###
#............@@..##
######....########
#....# ######


You could see Terence.

Vanquished Creatures
  Sigmund (D:2)
  An adder (D:2)
  A dart slug (D:1)
  3 endoplasms (D:1)
  4 giant cockroaches
  4 goblins (D:1)
  4 hobgoblins
  4 jackals (D:1)
  5 kobolds
  3 quokkas
  4 ball pythons
  4 bats
  A frilled lizard (D:1)
  4 rats
43 creatures vanquished.

Notes
Turn   | Place    | Note
-------+----------+-------------------------------------------
     0 | D:1      | seaoflcl the Human Fighter began the quest for the Orb.
     0 | D:1      | Reached XP level 1. HP: 18/18 MP: 1/1
   177 | D:1      | Reached XP level 2. HP: 15/24 MP: 2/2
   469 | D:1      | Reached XP level 3. HP: 27/29 MP: 3/3
  1089 | D:2      | Reached XP level 4. HP: 33/35 MP: 4/4
  1175 | D:2      | Noticed Sigmund
  1184 | D:2      | Noticed Terence
  1208 | D:2      | Killed Sigmund
  1209 | D:2      | Reached XP level 5. HP: 5/42 MP: 5/5
  1209 | D:2      | Reached XP level 6. HP: 5/48 MP: 6/6
  1210 | D:2      | Slain by Terence

Illustrated notes

Levels and vault maps discovered:
D:1:      lightli_arrival_lavapool, layout_basic, minmay_surrounded
D:2:      layout_rooms, uniq_sigmund, uniq_natasha, uniq_terence

Skill      XL: |  1  2  3  4 |
---------------+-------------+-----
Fighting       | 4 |  4.0
Long Blades    | 3 |  3.3
Armour         | 4 |  4.0
Shields        | 4 |  4.0

Action                   |  1- 3 |  4- 6 || total
-------------------------+-------+-------++-------
Melee: Long sword        |   107 |    34 ||   141
  Use: Potion            |       |     1 ||     1
Armor: Scale mail        |    73 |    16 ||    89
Dodge: Dodged            |    61 |    17 ||    78
Block: Buckler           |    21 |    12 ||    33
